Map: Blackpink LE

Players

Elazer - Winner!

  • Race: Zerg Zerg
  • Spawn Location: 1:00

sOs

  • Race: Protoss Protoss
  • Spawn Location: 7:00

Event: IEM Season 12 - Katowice

VOD

Have the link to the VOD?

Description

Time

  • Played on: March 2, 2018, 2:12 p.m.
  • Length: 11:31

All games in this series

Show
View Real Time Build Order
Export as new Build Order

Elazer Zerg - Winner!

Build Orders: Hatch First, Swarm Host 

Get SALT Encoding   

  12  0:00  Drone  
  13  0:12  Overlord  
  13  0:17  Drone  
  14  0:31  Drone x2  
  16  0:47  Hatchery  
  15  0:51  Drone  
  15  0:54  Drone  
  17  0:59  Drone  
  18  1:09  Extractor  
  17  1:15  Spawning Pool  
  16  1:21  Drone x2  
  18  1:28  Drone  
  19  1:38  Drone  
  20  1:49  Overlord  
  20  2:02  Queen x2  
  20  2:03  Zergling x4  
  26  2:11  Drone x2  
  28  2:17  Metabolic Boost  
  28  2:22  Drone x2  
  30  2:32  Drone x2  
  32  2:42  Hatchery  
  31  2:47  Queen  
  33  2:51  Overlord  
  33  2:54  Zergling x2  
  33  2:56  Zergling x2  
  35  3:03  Overlord  
  35  3:05  Drone  
  36  3:10  Drone  
  37  3:14  Drone x3  
  37  3:19  Drone  
  40  3:22  Drone  
  40  3:25  Drone  
  38  3:29  Spore Crawler  
  38  3:30  Drone  
  37  3:34  Spore Crawler, Queen  
  37  3:37  Drone  
  37  3:39  Drone  
  40  3:44  Drone x3  
  43  3:50  Drone  
  43  3:53  Drone  
  45  3:56  Drone  
  45  4:00  Drone  
  47  4:03  Drone  
  47  4:06  Drone x2  
  47  4:08  Overlord  
  49  4:10  Spore Crawler  
  49  4:11  Drone  
  49  4:19  Overlord  
  49  4:25  Lair  
  49  4:26  Queen  
  49  4:28  Drone  
  49  4:29  Drone, Roach Warren  
  49  4:31  Drone  
  53  4:32  Drone  
  53  4:33  Drone  
  53  4:35  Drone  
  53  4:36  Drone  
  57  4:41  Drone, Extractor  
  57  4:42  Extractor  
  57  4:44  Drone x2  
  58  4:46  Zergling x4  
  58  4:51  Zergling x6  
  58  4:52  Zergling x2  
  63  4:57  Zergling x4  
  61  5:00  Overlord  
  61  5:01  Drone  
  61  5:03  Drone  
  61  5:06  Drone  
  61  5:08  Drone  
  61  5:10  Drone  
  63  5:14  Drone  
  63  5:17  Overlord  
  63  5:20  Drone x3  
  67  5:24  Drone, Glial Reconstitution  
  67  5:26  Drone  
  69  5:30  Overlord  
  69  5:31  Roach  
  71  5:41  Roach x4  
  71  5:42  Roach  
  81  5:43  Overlord  
  81  5:49  Roach x3  
  87  5:53  Overlord  
  87  5:54  Roach  
  89  6:03  Roach x4  
  97  6:07  Evolution Chamber, Overlord  
  97  6:08  Drone  
  97  6:17  Overlord  
  97  6:21  Drone x2  
  97  6:22  Drone x2  
  97  6:25  Drone x2  
  103  6:28  Drone x4  
  103  6:31  Infestation Pit, Extractor  
  105  6:33  Overlord  
  105  6:36  Drone x3  
  105  6:38  Zerg Missile Weapons Level 1, Overlord  
  108  6:42  Drone  
  108  6:45  Drone  
  108  6:46  Overlord  
  110  6:51  Overlord  
  110  6:54  Drone x3  
  112  6:55  Drone  
  112  6:56  Drone x2, Extractor  
  112  6:57  Extractor  
  114  7:10  Overlord  
  114  7:11  Roach x5  
  114  7:14  Hatchery  
  122  7:24  Drone x5  
  123  7:32  Swarm Host x5  
  138  7:38  Overlord  
  138  7:41  Swarm Host x3  
  147  7:52  Swarm Host x2  
  147  7:55  Overlord x2  
  147  7:57  Overlord  
  151  8:06  Overlord x2  
  151  8:18  Swarm Host  
  151  8:19  Swarm Host x5  
  164  8:23  Roach x4  
  155  8:40  Roach x7  
  167  8:52  Roach x6  
  167  8:55  Roach x2  
  175  9:02  Roach  
  175  9:03  Roach x2  
  178  9:17  Roach x7  
  178  9:20  Roach  
  178  9:21  Roach  
  182  9:30  Roach x5  
  171  9:35  Roach  
  171  9:36  Roach  
  169  9:42  Roach x4  
  171  9:48  Roach x3  
  171  9:49  Ravager  
  171  9:50  Ravager x4  
  171  9:52  Ravager  
  183  9:58  Roach x3  
  171  10:17  Roach x9  
  152  10:30  Roach x4  
  153  10:37  Roach x3  
  153  10:39  Ravager  
  153  10:41  Roach  
  162  10:47  Roach x2  
  164  10:52  Roach  
  164  10:53  Roach  
  153  11:05  Roach  
  153  11:06  Roach x4  
  157  11:11  Roach x3  
Show
View Real Time Build Order
Export as new Build Order

sOs Protoss 

Build Orders: 1 Gate Expand, Oracle Opening, Phoenix Opening, Archon Immortal 

Get SALT Encoding   

  12  0:00  Probe  
  13  0:12  Probe  
  14  0:18  Pylon  
  14  0:24  Probe  
  15  0:37  Probe (Chrono Boost)  
  16  0:44  Gateway  
  16  0:46  Probe (Chrono Boost)  
  16  0:49  Assimilator  
  17  0:51  Probe (Chrono Boost)  
  18  1:03  Probe  
  19  1:15  Probe  
  20  1:25  Nexus  
  20  1:35  Cybernetics Core  
  20  1:38  Probe  
  21  1:46  Assimilator  
  21  1:50  Probe  
  21  1:54  Pylon  
  22  2:02  Probe  
  23  2:10  Adept (Chrono Boost)  
  23  2:14  Probe  
  26  2:19  Stargate  
  26  2:26  Probe  
  26  2:28  Adept (Chrono Boost)  
  27  2:33  Warp Gate  
  30  2:37  Probe  
  30  2:38  Probe  
  31  2:47  Adept  
  31  2:49  Probe  
  34  2:54  Probe  
  35  3:01  Probe, Phoenix (Chrono Boost)  
  38  3:08  Probe  
  38  3:11  Pylon  
  39  3:13  Probe  
  40  3:22  Oracle (Chrono Boost)  
  41  3:31  Adept  
  41  3:34  Gateway  
  41  3:35  Gateway  
  41  3:37  Probe x2  
  43  3:49  Probe  
  43  3:50  Probe, Pylon  
  43  3:52  Oracle (Chrono Boost)  
  48  4:01  Assimilator  
  48  4:03  Assimilator  
  48  4:04  Probe x2  
  50  4:12  Pylon  
  50  4:16  Probe x2  
  52  4:23  Pylon  
  52  4:28  Probe x2  
  54  4:35  Robotics Facility  
  54  4:38  Adept x3  
  60  4:40  Probe x2  
  62  4:49  Twilight Council  
  62  4:52  Probe x2  
  58  5:09  Probe  
  58  5:12  Gateway  
  58  5:13  Gateway  
  59  5:16  Gateway  
  59  5:18  Warp Prism (Chrono Boost)  
  59  5:24  Zealot x3  
  59  5:27  Templar Archives  
  67  5:30  Pylon  
  67  5:37  Probe x2  
  69  5:43  Psionic Storm  
  69  6:02  Nexus  
  69  6:03  Pylon  
  69  6:11  Probe x2  
  71  6:12  High Templar x2  
  71  6:13  Immortal (Chrono Boost)  
  71  6:15  Pylon  
  79  6:26  Shield Battery  
  79  6:30  Probe x2, Charge  
  81  6:32  Forge  
  81  6:42  Immortal (Chrono Boost)  
  81  6:45  Pylon  
  81  6:46  Probe x2  
  87  6:52  High Templar  
  87  6:53  High Templar  
  91  6:55  Zealot x3  
  91  6:59  Probe  
  98  7:03  Gateway  
  98  7:06  Gateway  
  98  7:08  Protoss Ground Weapons Level 1 (Chrono Boost)  
  98  7:12  Immortal (Chrono Boost)  
  98  7:17  Probe  
  98  7:18  Probe x2  
  105  7:28  High Templar  
  105  7:29  Zealot x4  
  115  7:36  Sentry  
  117  7:39  Probe, Photon Cannon  
  118  7:50  Probe x2, Observer (Chrono Boost)  
  118  7:51  Probe  
  122  7:56  Pylon  
  122  7:57  Pylon  
  122  8:09  Sentry  
  122  8:11  Zealot  
  122  8:18  Zealot x5, Immortal (Chrono Boost)  
  130  8:24  Probe  
  131  8:38  Protoss Ground Weapons Level 2 (Chrono Boost)  
  127  8:47  Zealot x3  
  127  8:48  Zealot x5  
  139  8:49  Immortal (Chrono Boost)  
  139  8:53  Assimilator  
  133  8:59  Assimilator  
  131  9:08  High Templar x2  
  131  9:09  Zealot x5  
  141  9:12  Photon Cannon  
  141  9:13  Shield Battery  
  141  9:14  Pylon  
  141  9:15  Photon Cannon  
  111  9:27  Immortal (Chrono Boost)  
  111  9:31  Zealot x5  
  109  9:33  Archon  
  95  9:47  Zealot, High Templar x2  
  95  9:49  Probe  
  102  9:53  Archon, High Templar x2  
  102  9:54  Zealot x3  
  102  9:57  Archon  
  102  9:58  Immortal (Chrono Boost)  
  106  10:15  Archon  
  106  10:19  Zealot x5  
  100  10:21  Zealot  
  100  10:27  Oracle (Chrono Boost)  
  100  10:28  Zealot x2  
  93  10:35  Immortal (Chrono Boost)  
  88  10:40  Sentry, High Templar x2  
  88  10:41  Zealot x2  
  100  10:45  Archon  
  91  11:00  Zealot x3  
  91  11:09  Zealot x2  
  91  11:10  Zealot  
  68  11:18  Probe  
  68  11:19  Probe  

Tags
 
Add a new tag
Caveats
  • Supply blocks, unpowered buildings, or Contaminate may cause inaccurate times.
  • Supply counts are checked every 10 seconds.